 Dungeon Crawl Stone Soup version 0.30.0 (webtiles) character file.

Game seed: 11674993598502859797

6495 Dadi the Protected (level 11, -1/68 HPs)
             Began as a Gargoyle Monk on May 6, 2023.
             Was a High Priest of Okawaru.
             Slain by a warg (7 damage)
             ... on level 1 of the Lair of Beasts.
             The game lasted 00:24:33 (9835 turns).

Dadi the Protected (Gargoyle Monk)                  Turns: 9835, Time: 00:24:33

Health: -1/68      AC: 27    Str: 19    XL:     11   Next: 0%
Magic:  12/16      EV: 10    Int: 11    God:    Okawaru [*****.]
Gold:   64         SH:  8    Dex: 12    Spells: 10/10 levels left

rFire   + + +        A - +2 morningstar (freeze)
rCold   + . .        N - +0 buckler
rNeg    + . .        C - +2 scale mail {rF+}
rPois   ∞            (no helmet)
rElec   +            D - scarf {rC+ rF+}
rCorr   .            (no gloves)
SInv    .            o - +2 pair of boots {Fly}
Will    .....        J - amulet of reflection Stlth
                     r - +4 ring of protection
HPRegen 0.31/turn    L - ring of protection from fire
MPRegen 0.15/turn

%: reflection
@: flying
A: sickness immunity, AC +8, negative energy resistance 1, electricity
resistance, torment resistance 1, petrification resistance
a: Renounce Religion, Heroism, Finesse, Duel


You were on level 1 of the Lair of Beasts.
You worshipped Okawaru.
Okawaru was extremely pleased with you.
You visited 3 branches of the dungeon, and saw 11 of its levels.
You also visited: Bailey.

You collected 416 gold pieces.
You spent 352 gold pieces at shops.

Inventory:

Hand Weapons
 a - a +0 mace
 m - a +2 dire flail
 x - a +0 morningstar
 A - a +2 morningstar of freezing (weapon)
 H - a +2 whip of freezing
 I - a +2 flail
Armour
 b - a +0 robe
 j - a +0 plate armour
 o - a +2 pair of boots of flying (worn)
 C - a +2 scale mail of fire resistance (worn)
 D - a scarf of resistance (worn)
 N - a +0 buckler (worn)
Jewellery
 i - an amulet of the acrobat
 r - a +4 ring of protection (left hand)
 u - a +6 ring of intelligence
 J - an amulet of reflection (around neck)
 K - an amulet of faith
 L - a ring of protection from fire (right hand)
Wands
 G - a wand of charming (6)
Scrolls
 d - 2 scrolls of enchant weapon {unknown}
 e - 8 scrolls of identify
 g - 3 scrolls of poison
 h - a scroll of amnesia
 l - 3 scrolls of teleportation
 p - a scroll of immolation
 q - 2 scrolls of enchant armour
 v - a scroll of brand weapon {unknown}
 y - a scroll of noise
 M - a scroll of fear {unknown}
Potions
 c - 2 potions of ambrosia
 f - a potion of invisibility
 k - 2 potions of attraction
 n - 2 potions of magic {unknown}
 s - a potion of haste {unknown}
 t - 3 potions of curing {unknown}
 w - 3 potions of flight {unknown}
 z - a potion of lignification {unknown}
 B - 2 potions of might {unknown}
 E - 2 potions of brilliance {unknown}
 F - a potion of berserk rage {unknown}
 O - a potion of heal wounds


   Skills:
 - Level 8.0 Fighting
 - Level 7.0 Maces & Flails
 - Level 13.0 Armour
 - Level 2.4 Dodging
 + Level 6.8 Invocations


You had 10 spell levels left.
You didn't know any spells.
Your spell library contained the following spells:

 Spells                   Type           Power      Damage    Failure   Level
 Kiss of Death            Conj/Necr      0%         2d5       71%         1
 Ensorcelled Hibernation  Hex/Ice        0%         N/A       85%         2
 Static Discharge         Conj/Air       0%         2-2/arc   85%         2
 Confusing Touch          Hex            0%         N/A       97%         3
 Airstrike                Air            0%         2d(0-16)  100%        4
 Dispel Undead            Necr           0%         3d6       100%        4
 Olgreb's Toxic Radiance  Pois           0%         N/A       100%        4
 Discord                  Hex            0%         N/A       100%        8
 Ignition                 Fire           0%         3d3       100%        8
 Summon Lightning Spire   Summ/Air       Unusable   N/A       N/A         4
 Simulacrum               Ice/Necr       Unusable   N/A       N/A         6
 Statue Form              Tmut/Erth      Unusable   N/A       N/A         6

Dungeon Overview and Level Annotations

Branches:
Dungeon (9/15)             Temple (1/1) D:6            Lair (1/5) D:9
 Bailey (visited)
    Orc: D:9-12

Altars:
Ashenzari
Cheibriados
Dithmenos
Elyvilon
Fedhas
Gozag
Hepliaklqana
Kikubaaqudgha
Makhleb
Nemelex Xobeh
Okawaru
Qazlal
Ru
Sif Muna
Uskayaw
Vehumet
Wu Jian
Yredelemnul
Zin
The Shining One

Shops:
D:2 =!?([   D:5 (   D:7 **

Annotations:
D:6 2 runed translucent doors, Vuellozu's ghost, novice FoAK
D:7 Maggie
D:9 Amaemon


Innate Abilities, Weirdness & Mutations

You are immune to sickness and miasma.
Your stone body is resilient. (AC +8)
You are immune to poison.
You resist negative energy. (rN+)
You are resistant to electric shocks. (rElec)
You are resistant to unholy torment.
You are immune to petrification.


Message History

* * * LOW HITPOINT WARNING * * *
The orc hits you but does no damage. The orc wizard casts a spell at you.
The puff of flame misses you. The warg bites you.
* * * LOW HITPOINT WARNING * * *
You puncture the warg! You freeze the warg.
You kill the warg!
Okawaru accepts your kill. The warg bites you!
* * * LOW HITPOINT WARNING * * *
The orc hits you but does no damage. You block the orc wizard's attack.
You have reached level 11!
The orc closely misses you. The orc wizard casts a spell at you.
The puff of flame hits you but does no damage.
The warg barely misses you.
You see here a warg corpse.
You block the orc's attack.
The orc wizard hits you but does no damage.
The orc attacks as you move away! The orc barely misses you.
You feel like a meek peon again.
The orc wizard mumbles some strange words.
The orc wizard flickers and vanishes!
Deactivating autopickup; reactivate with Ctrl-A.
The orc attacks as you move away! You block the orc's attack.
The warg attacks as you move away! You block the warg's attack.
The warg barely misses you.
There is a staircase to the Lair here.
You can't go up here!
You block the warg's attack. You block the orc's attack.
You fly downwards.
Welcome to the Lair of Beasts!
Reactivating autopickup.
There is a staircase back to the Dungeon here.
You hit the orc but do no damage. The warg bites you.
* * * LOW HITPOINT WARNING * * *
The orc hits you but does no damage. You block the warg's attack.
You puncture the warg! You freeze the warg.
The warg is heavily wounded.
The warg bites you!
You die...

#
#########.
#........
#......#
#..h...+
+...@..#
#...o..#
#####.#.#
.# .. ..
.# ... #
###


You could see a warg and an orc.

Vanquished Creatures
  A vault guard (Bailey)
  Prince Ribbit (Bailey)
  A wraith (D:7)
  3 humans (Bailey)
  2 steam dragons
  2 wargs (D:9)
  Menkaure (D:5)
  2 water moccasins (D:8)
  2 orc warriors
  2 sky beasts (D:6)
  2 ice beasts
  A centaur (D:7)
  A phantom (D:5)
  A kobold brigand (D:8)
  16 bullfrogs
  A necrophage (D:6)
  A gnoll sergeant (D:9)
  4 scorpions
  11 wights
  12 killer bees
  2 howler monkeys
  3 hounds
  8 orc priests
  3 iguanas
  2 gnoll boudas
  A sleepcap (D:7)
  6 orc wizards
  A hound skeleton (D:6)
  3 adders
  21 gnolls
  6 worms
  2 dart slugs (D:5)
  36 orcs
  9 ball pythons
  5 endoplasms
  3 giant cockroaches
  10 goblins
  7 hobgoblins
  6 jackals (D:4)
  5 quokkas
  5 bats
  3 frilled lizards
  11 kobolds
  9 rats
234 creatures vanquished.

Notes
Turn   | Place    | Note
-------+----------+-------------------------------------------
     0 | D:1      | Dadi the Gargoyle Monk began the quest for the Orb.
     0 | D:1      | Reached XP level 1. HP: 14/14 MP: 1/1
   204 | D:1      | Reached XP level 2. HP: 9/19 MP: 2/2
   572 | D:1      | Reached XP level 3. HP: 24/24 MP: 3/3
   888 | D:2      | Found Petaruex's Antique Weapon Boutique.
   893 | D:2      | Found Amiq's Magic Scroll Shoppe.
  1051 | D:2      | Found an ornate altar of the Wu Jian Council.
  1297 | D:2      | Found Qicvurch's Armour Shop.
  1658 | D:2      | Reached XP level 4. HP: 29/30 MP: 4/4
  1704 | D:2      | Found Haity's Distillery.
  1761 | D:2      | Found Pojiud's Jewellery Boutique.
  1993 | D:3      | Noticed a steam dragon
  2077 | D:3      | Found a broken altar of Ashenzari.
  2217 | D:3      | Found a sacrificial altar of Ru.
  2760 | D:4      | Found an ornate altar of the Wu Jian Council.
  3034 | D:4      | Reached XP level 5. HP: 34/34 MP: 5/5
  3141 | D:4      | Reached skill level 5 in Fighting
  3404 | D:4      | Reached skill level 5 in Maces & Flails
  3515 | D:4      | Reached XP level 6. HP: 40/41 MP: 6/6
  3732 | D:4      | Found a shadowy altar of Dithmenos.
  3934 | D:3      | Killed a steam dragon
  3999 | D:3      | Reached XP level 7. HP: 47/47 MP: 7/7
  4053 | D:3      | Found a stormy altar of Qazlal.
  4292 | D:5      | Entered Level 5 of the Dungeon
  4380 | D:5      | Got the Opusculum on Freezing and the Fault
  4400 | D:5      | Noticed Menkaure
  4675 | D:5      | Killed Menkaure
  4773 | D:5      | Reached XP level 8. HP: 50/53 MP: 8/8
  5117 | D:5      | Found Foosaxu's Antique Weapon Boutique.
  5247 | D:5      | Reached skill level 1 in Armour
  5300 | D:5      | Reached skill level 2 in Armour
  5308 | D:5      | Reached skill level 3 in Armour
  5395 | D:6      | Found a staircase to the Ecumenical Temple.
  5439 | Temple   | Entered the Ecumenical Temple
  5489 | Temple   | Became a worshipper of Warmaster Okawaru
  5489 | Temple   | Reached * piety under Okawaru
  5489 | Temple   | Reached ** piety under Okawaru
  5824 | D:6      | Reached skill level 4 in Armour
  5933 | D:6      | Found a large runed translucent door.
  5934 | D:6      | Found a large runed translucent door.
  5936 | D:6      | Noticed Vuellozu's ghost (novice FoAK)
  5955 | D:6      | Reached skill level 5 in Armour
  6078 | D:6      | Found a burning altar of Makhleb.
  6089 | D:6      | Reached skill level 6 in Armour
  6114 | D:6      | Reached XP level 9. HP: 55/59 MP: 9/9
  6445 | D:6      | Reached skill level 7 in Armour
  6467 | D:6      | Reached *** piety under Okawaru
  6797 | D:6      | Reached skill level 8 in Armour
  6888 | D:7      | Reached skill level 9 in Armour
  6933 | D:7      | Noticed Maggie
  6958 | D:7      | Found Haos's Neck Hole.
  7038 | D:7      | Found a flagged portal.
  7055 | Bailey   | Entered a bailey
  7074 | Bailey   | Reached skill level 10 in Armour
  7117 | Bailey   | Reached **** piety under Okawaru
  7195 | Bailey   | Reached skill level 11 in Armour
  7202 | Bailey   | Reached XP level 10. HP: 45/64 MP: 10/10
  7230 | Bailey   | Noticed Prince Ribbit
  7245 | Bailey   | Reached skill level 1 in Invocations
  7254 | Bailey   | Killed Prince Ribbit
  7365 | Bailey   | Noticed a vault guard
  7393 | Bailey   | Killed a vault guard
  7490 | Bailey   | Noticed a vault guard
  7543 | Bailey   | HP: 1/64 [vault guard/+0 broad axe (13)]
  7549 | Bailey   | HP: 2/64 [vault guard/+0 broad axe (8)]
  7577 | Bailey   | Reached skill level 12 in Armour
  7789 | D:7      | Bought a scarf of resistance for 352 gold pieces
  7987 | D:7      | Found a hazy altar of Hepliaklqana.
  7989 | D:7      | Found a hide-covered altar of Uskayaw.
  8022 | D:7      | Found Seakon's Assorted Antiques.
  8274 | D:8      | Reached ***** piety under Okawaru
  8296 | D:8      | Reached skill level 5 in Invocations
  8773 | D:9      | Noticed Amaemon
  8773 | D:9      | Noticed an orange demon
  9774 | D:9      | Found a staircase to the Lair.
  9798 | D:9      | Reached skill level 13 in Armour
  9825 | D:9      | HP: 3/64 [warg (10)]
  9826 | D:9      | Reached XP level 11. HP: 4/68 MP: 10/16
  9833 | Lair:1   | Entered Level 1 of the Lair of Beasts
  9835 | Lair:1   | Slain by a warg

Illustrated notes

Levels and vault maps discovered:
D:1:      minmay_arrival_radiant_lines, layout_basic, hex_tiny, feat_on_display
D:2:      layout_loops_cross, basic_altar, serial_co_window_serial,
          co_window_of_opportunity_a, co_window_paths_b, co_window_paths_a,
          co_window_cross_1, co_window_paths_a, co_window_cross_1,
          co_window_paths_a, co_window_corner_a, co_window_corner_a,
          co_window_broadway_a, co_window_2corner, co_window_corner_b,
          co_window_cross_4, co_window_sun, serial_shops, nicolae_shop_crystal,
          nicolae_shop_tiny_real_fake_doors, shop, shop,
          nicolae_shop_back_alley_shop, minmay_indecisive_spiral
D:3:      layout_loops_cross, mainiacjoe_overflow_24_doors,
          nicolae_ashenzari_panopticon, nicolae_qazlal_general_emergency,
          fountainhead, minmay_misc_feat_nine_boxes, roderic_serpentine_path
D:4:      cheibrodos_old_hovel, layout_basic, lemuel_coloured_pillars_altar,
          nzn_wu_jian_contemplation, nicolae_hexahallways
D:5:      layout_gridville, serial_shops, nicolae_shop_tiny_waterfront,
          uniq_menkaure
D:6:      layout_basic, makhleb_blood_cavern_becter,
          minmay_temple_entry_statues, ebering_ghost_disaster_area
D:7:      layout_rooms, mainiacjoe_overflow_catwalk_spiral, enter_bailey_5,
          serial_shops, shop, nicolae_shop_sticking_my_neck_out, uniq_maggie
D:8:      layout_rooms
D:9:      layout_long_grid, erik_lair_orcish_takeover, david_orc_2, uniq_amaemon
Temple:   minmay_temple_forest_path
Lair:1:   layout_regular_city, lemuel_fruit_fields, uniq_sonja, uniq_fannar

Skill      XL: |  1  2  3  4  5  6  7  8  9 10 |
---------------+-------------------------------+-----
Fighting       | 4 5 6 7 8 |  8.0
Maces & Flails | 4 5 6 7 |  7.0
Armour         | 6 11 13 | 13.0
Invocations    | 6 |  6.8
Dodging        | |  2.4

Action                     |  1- 3 |  4- 6 |  7- 9 | 10-12 || total
---------------------------+-------+-------+-------+-------++-------
  Melee: Mace              |   109 |    95 |       |       ||   204
         Morningstar       |       |    49 |   236 |   195 ||   480
         Dire flail        |       |       |    93 |    75 ||   168
         Unarmed           |       |       |       |    24 ||    24
         Punch             |       |       |       |     5 ||     5
 Invoke: Heroism           |       |       |       |     4 ||     4
         Finesse           |       |       |       |     1 ||     1
    Use: Scroll            |       |       |    14 |     2 ||    16
         Potion            |       |       |       |     4 ||     4
   Stab: Distracted        |       |       |     1 |       ||     1
 Armour: Robe              |    11 |       |       |       ||    11
         Plate armour      |    57 |   113 |    52 |       ||   222
         Scale mail        |       |       |   169 |   201 ||   370
  Dodge: Dodged            |    65 |    58 |   189 |   189 ||   501
  Block: Other             |       |       |    29 |    46 ||    75
         Reflection        |       |       |     5 |     1 ||     6
         Orb               |       |       |     1 |       ||     1
         Buckler           |       |       |       |    83 ||    83
